 Dungeon Crawl Stone Soup version 0.13.0-7-g3df9ff1 (webtiles) character file.

298 MackTheKnife the Ruffian (level 5, -2/50 HPs)
             Began as a Troll Monk on Oct 16, 2013.
             Slain by an iguana (8 damage)
             ... on Level 4 of the Dungeon.
             The game lasted 00:03:23 (2657 turns).

MackTheKnife the Ruffian (Troll Monk)               Turns: 2657, Time: 00:03:24

HP  -2/50        AC  5     Str 19      XL: 5   Next: 60%
MP   1/1         EV 10     Int  6      God:
Gold 84          SH  0     Dex 13      Spells:  0 memorised,  4 levels left

Res.Fire  : . . .   See Invis. : .     - Unarmed
Res.Cold  : . . .   Warding    : .   a - +0 robe
Life Prot.: . . .   Conserve   : .   (shield restricted)
Res.Poison: .       Res.Corr.  : .   (helmet restricted)
Res.Elec. : .       Clarity    : .   (no cloak)
Sust.Abil.: . .     Spirit.Shd : .   (gloves unavailable)
Res.Mut.  : .       Stasis     : .   (boots unavailable)
Res.Rott. : .       Flight     : .   (no amulet)
Gourmand  : +                        (no ring)
                                     (no ring)

@: slightly resistant to hostile enchantments, unstealthy
A: unfitting armour, claws 3, fast metabolism 3, gourmand, regeneration 2,
saprovore 2, tough skin 2, AC +1
a: no special abilities


You were on level 4 of the Dungeon.
You were not hungry.

You visited 1 branch of the dungeon, and saw 4 of its levels.

You collected 84 gold pieces.

Inventory:

Armour
 a - a +0 robe (worn)
Magical devices
 s - a wand of disintegration (6)
 t - a wand of magic darts (11)
Comestibles
 b - 2 meat rations
 h - a pear
 j - an apricot
 l - a lemon
 n - a choko
 o - a cheese
Scrolls
 c - 2 scrolls of remove curse {unknown}
 d - 7 scrolls of identify {unknown}
 g - 2 scrolls of fear {unknown}
 k - a scroll of enchant weapon II {unknown}
 m - a scroll of enchant armour {unknown}
 p - a scroll of enchant weapon I {unknown}
Jewellery
 w - an uncursed amulet of the gourmand {unknown}
Potions
 e - 2 potions of curing {unknown}
 f - a potion of restore abilities {unknown}
 i - a potion of mutation {unknown}
 q - a potion of speed {unknown}
 r - a potion of invisibility {unknown}
 u - a potion of heal wounds {unknown}
 v - a potion of brilliance {unknown}


   Skills:
 - Level 2.4 Fighting
 - Level 2.4 Dodging
 - Level 1.1 Stealth
 + Level 6.9 Unarmed Combat


You had 4 spell levels left.
You didn't know any spells.

Dungeon Overview and Level Annotations

Branches:
Dungeon (4/27)
 Temple: D:4-7

Altars:
Trog


Innate Abilities, Weirdness & Mutations

You are too large for most types of armour.
You have claws for hands.
Your metabolism is lightning-fast.
You like to eat raw meat.
You heal very quickly.
You can eat rotten meat.
You are covered in fur (AC +1).
You have very tough skin (AC +2).


Message History

* * * LOW HITPOINT WARNING * * *
The iguana bites you!
* * * LOW HITPOINT WARNING * * *
You can move again.
There is an open door here.
You are too injured to fight recklessly!
You hit the iguana.
The iguana begins to bleed from its wounds!
The iguana is moderately wounded.
The iguana closely misses you.
You barely miss the iguana.
The iguana is moderately wounded.
The iguana barely misses you.
You closely miss the iguana.
The iguana is moderately wounded.
The iguana barely misses you.
You closely miss the iguana.
The iguana is moderately wounded.
The iguana bites you!
You die...

.......... #.........
#..G...... #..........
#..........
#.###########)######...
..............#
....#####.....#
..+..@#.....#
...#...l.....#
....#####.....#
#.............># #.#
#..............# #.#
(..............### #..
##............... ..#
#....#############.#
#....# .........#.+


You could see an iguana (bleeding).

Vanquished Creatures
  2 worker ants (D:4)
  Ijyb (D:3)
  Jessica (D:2)
  Terence (D:3)
  9 adders
  2 oozes
  4 orcs
  2 giant cockroaches
  3 goblins
  5 hobgoblins
  A quokka (D:2)
  6 bats
  2 giant geckos
  A giant newt (D:2)
  2 kobolds
  3 rats (D:2)
45 creatures vanquished.

Notes
Turn   | Place    | Note
--------------------------------------------------------------
     0 | D:1      | MackTheKnife, the Troll Monk, began the quest for the Orb.
     0 | D:1      | Reached XP level 1. HP: 20/20 MP: 0/0
   176 | D:1      | Reached XP level 2. HP: 28/28 MP: 0/0
   563 | D:2      | Noticed Jessica
   566 | D:2      | Killed Jessica
   616 | D:2      | Reached skill level 5 in Unarmed Combat
   616 | D:2      | Reached XP level 3. HP: 28/35 MP: 1/1
  1139 | D:2      | Reached XP level 4. HP: 41/44 MP: 1/1
  1319 | D:2      | Found a bloodstained altar of Trog.
  1494 | D:3      | Noticed Terence
  1497 | D:3      | Killed Terence
  1504 | D:3      | Reached skill level 6 in Unarmed Combat
  1747 | D:3      | Noticed Ijyb
  1758 | D:3      | Killed Ijyb
  1802 | D:3      | Reached XP level 5. HP: 45/50 MP: 1/1
  2644 | D:4      | Paralysed by a giant eyeball for 3 turns
  2647 | D:4      | HP: 1/50 [iguana (7)]
  2657 | D:4      | Slain by an iguana

Action                   |  1- 3 |  4- 6 || total
-------------------------+-------+-------++-------
Melee: Unarmed           |    56 |    89 ||   145
Evoke: Wand              |       |     1 ||     1
 Stab: Sleeping          |     3 |     1 ||     4
